 Dungeon Crawl Stone Soup version 0.31-a0-188-g5e087ee2ca (webtiles) character file.

Game seed: 1348205494516633202

14 qw the Shooter (level 2, 0/16 HPs)
             Began as a Deep Elf Hunter on June 23, 2023.
             Slain by an adder (2 damage)
             ... on level 4 of the Dungeon.
             The game lasted 00:00:14 (921 turns).

qw the Shooter (Deep Elf Hunter)                     Turns: 921, Time: 00:00:15

Health: 0/16       AC:  3    Str:  8    XL:     2   Next: 31%
Magic:  4/4        EV: 12    Int: 13    God:
Gold:   98         SH:  0    Dex: 18    Spells: 1/1 levels left

rFire   . . .        Y - +0 shortbow
rCold   . . .        (shield currently unavailable)
rNeg    . . .        c - +0 leather armour
rPois   .            (no helmet)
rElec   .            (no cloak)
rCorr   .            (no gloves)
SInv    .            (no boots)
Will    .....        (no amulet)
Stlth   ++           (no ring)
HPRegen 0.22/turn    (no ring)
MPRegen 0.09/turn

%: no passive effects
@: no status effects
A: no striking features
a: no special abilities


You were on level 4 of the Dungeon.
You visited 1 branch of the dungeon, and saw 3 of its levels.

You collected 98 gold pieces.


   Skills:
 - Level 1.5 Fighting
 + Level 6.1 Ranged Weapons
 - Level 2.4 Dodging
 - Level 1.2 Stealth


You had one spell level left.
You didn't know any spells.
Your spell library was empty.

Inventory:

Hand Weapons
 Y - a +0 shortbow (weapon)
Armour
 c - a +0 leather armour (worn)
 i - a +0 ring mail
Jewellery
 k - a +6 ring of strength
Wands
 m - a wand of digging (7)
Scrolls
 b - a scroll of blinking {unknown}
 e - 2 scrolls of identify {unknown}
 g - a scroll of summoning {unknown}
 l - a scroll of enchant armour {unknown}
Potions
 a - 3 potions of lignification {unknown}
 d - a potion of magic {unknown}
 f - a potion of invisibility {unknown}
 h - a potion of degeneration {unknown}
 j - a potion of curing {unknown}

Dungeon Overview and Level Annotations

Branches:
Dungeon (2/15)

Altars:


Message History

The adder poisons you!
You shoot an arrow. The arrow closely misses the adder.
You feel sick. The adder misses you.
You shoot an arrow. The arrow hits the adder.
The adder is heavily wounded.
You feel sick. The adder bites you but does no damage.
The adder barely misses you.
You shoot an arrow. The arrow hits the adder.
The adder is heavily wounded.
You feel sick.
The ball python bites you but does no damage.
The ball python grabs you. The ball python constricts you.
The adder bites you but does no damage.
You shoot an arrow.
The arrow closely misses the ball python.
You feel sick.
You are no longer poisoned.
The ball python closely misses you. The ball python constricts you.
The adder bites you.
You are poisoned.
The adder poisons you! The ball python barely misses you.
The ball python constricts you. The adder closely misses you.
You shoot an arrow.
The arrow barely misses the ball python.
You feel sick. The adder closely misses you.
The ball python closely misses you. The ball python constricts you.
You shoot an arrow.
The arrow hits the ball python but does no damage.
You feel sick. The adder barely misses you.
The ball python bites you but does no damage.
The ball python constricts you. The adder closely misses you.
The ball python closely misses you. The ball python constricts you.
You shoot an arrow. The arrow hits the ball python!
You kill the ball python!
You feel sick.
You are no longer poisoned.
The adder completely misses you.
You shoot an arrow. The arrow barely misses the adder.
The adder bites you.
You die...

.. #.. . ..# # .#..# #.....##
#.....# .#....## #.....# ...#..#
#..... #S%.# # #....#####
#@..#.######## #........#
##...#.#......#
#####......####......#......#
............................#####
.........)......................#
.....#######......###.......###..
####......#..###...##.#####.#####
######.#.## ##....####....# #.#.#
#.......#....#


You could see an adder.

Vanquished Creatures
  A dart slug (D:1)
  A bat (D:1)
  A goblin (D:4)
  4 ball pythons
  2 frilled lizards (D:1)
  2 kobolds (D:1)
  3 rats
14 creatures vanquished.

Notes
Turn   | Place    | Note
-------+----------+-------------------------------------------
     0 | D:1      | qw the Deep Elf Hunter began the quest for the Orb.
     0 | D:1      | Reached XP level 1. HP: 12/12 MP: 3/3
     0 | D:1      | 0 ||| qw: Version: 0.3-a-9-g12657ce
     0 | D:1      | 0 ||| qw: Game counter: 3188
     0 | D:1      | 0 ||| qw: Always use a shield: true
     0 | D:1      | 0 ||| qw: God list: Okawaru
     0 | D:1      | 0 ||| qw: Allow faded altars: false
     0 | D:1      | 0 ||| qw: Do Orc after D:15 true
     0 | D:1      | 0 ||| qw: Do second Lair branch before Depths: true
     0 | D:1      | 0 ||| qw: Lair rune preference: random
     0 | D:1      | 0 ||| qw: Plans: Normal
     0 | D:1      | 0 ||| PLANNING D:1-11
   458 | D:1      | Reached XP level 2. HP: 16/16 MP: 4/4
   467 | D:1      | Reached skill level 6 in Ranged Weapons
   609 | D:1      | 609 ||| DROPPING +6 ring of intelligence.
   610 | D:1      | 610 ||| READING scroll labelled JIURAE NATSE.
   613 | D:1      | 613 ||| READING 2 scrolls labelled BAERCH SAEFYON.
   614 | D:1      | 614 ||| DROPPING scroll of butterflies.
   615 | D:1      | 615 ||| DROPPING scroll of revelation.
   823 | D:2      | You fall into a shaft and drop 2 floors!
   918 | D:4      | HP: 4/16 [constriction (1)]
   921 | D:4      | Slain by an adder

Levels and vault maps discovered:
D:1:      kennysheep_arrival_forest, layout_loops_cross,
          dreamdust_princess_corridor, wander_ebering_terrifying_dragon_lair
D:2:      layout_rooms, uniq_terence
D:4:      layout_rooms, nicolae_overflow_hidden_temple,
          kennysheep_generic_room_8

Skill      XL: |  1  2 |
---------------+-------+-----
Ranged Weapons | 6 |  6.1
Fighting       | |  1.5
Dodging        | |  2.4
Stealth        | |  1.2

Action                     || total
---------------------------++-------
   Fire: Shortbow          ||    37
    Use: Scroll            ||     2
 Armour: Leather armour    ||     6
  Dodge: Dodged            ||    14

Table legend:
 A = Non-vault XP
 B = Vault XP
 C = Vault XP percentage of total XP
 D = Non-vault monster count
 E = Vault monster count
 F = Vault count percentage of total count
                 A         B        C        D         E       F
            +---------+---------+-------+---------+---------+-------
      Total |      20 |       1 |   4.8 |      13 |       1 |   7.1
            +---------+---------+-------+---------+---------+-------
        D:1 |      14 |       1 |   6.7 |       9 |       1 |  10.0
        D:2 |       2 |       0 |   0.0 |       2 |       0 |   0.0
        D:4 |       4 |       0 |   0.0 |       2 |       0 |   0.0
            +---------+---------+-------+---------+---------+-------
